 Dungeon Crawl Stone Soup version 0.28-a0-413-gde365fb1df (webtiles) character file.

Game seed: 5903110647798402093

14843 lunkers the Grappler (level 11, -3/115 HPs)
             Began as a Troll Cinder Acolyte on Sept 7, 2021.
             Was a High Priest of Ignis.
             Slain by a cane toad simulacrum (4 damage)
             ... in an ice cave.
             The game lasted 00:20:18 (9285 turns).

lunkers the Grappler (Troll Cinder Acolyte)         Turns: 9285, Time: 00:20:18

Health: -3/115     AC:  7    Str: 24    XL:     11   Next: 94%
Magic:  11/11      EV: 10    Int: 10    God:    Ignis [*****.]
Gold:   636        SH: 15    Dex:  8    Spells: 12/12 levels left

rFire   + + .      SeeInvis .     - Unarmed
rCold   + + .      Faith    .   i - +2 tower shield {rC+}
rNeg    . . .      Spirit   .   E - +0 steam dragon scales
rPois   .          Reflect  .   (helmet restricted)
rElec   .          Harm     .   F - scarf {rC+ rF+}
rCorr   .          Rampage  .   (gloves unavailable)
Will    +....                   (boots unavailable)
Stlth   +.........              (no amulet)
HPRegen 1.29/turn               t - ring of willpower
MPRegen 0.12/turn               s - +4 ring of evasion

@: slowed, very slow
A: large, unfitting armour, claws 3, regeneration 1, shaggy fur 1, tough skin 1
a: Renounce Religion, Sea of Fire, Foxfire Swarm, Rising Flame


You were in an ice cave.
You worshipped Ignis.
Ignis was extremely pleased with you.
You visited 1 branch of the dungeon, and saw 11 of its levels.
You also visited: Ice Cave.

You collected 663 gold pieces.
You spent 27 gold pieces at shops.

Inventory:

Missiles
 w - a throwing net
Armour
 a - a +1 robe
 i - a +2 tower shield of cold resistance (worn)
 E - +0 steam dragon scales (worn)
 F - a scarf of resistance (worn)
Jewellery
 b - a +6 ring of strength
 h - a ring of protection from fire
 j - a ring of see invisible
 p - a ring of poison resistance
 s - a +4 ring of evasion (right claw)
 t - a ring of willpower (left claw)
 G - an amulet of guardian spirit
Wands
 x - a wand of acid (4)
 D - a wand of digging (13)
 H - a wand of paralysis (10)
Scrolls
 f - 2 scrolls of teleportation
 n - 2 scrolls of silence
 q - a scroll of amnesia
 u - 2 scrolls of blinking
 y - a scroll of enchant weapon
 I - a scroll of brand weapon
 J - a scroll of magic mapping
 K - a scroll of immolation {unknown}
Potions
 c - 2 potions of heal wounds
 d - 3 potions of magic {unknown}
 e - 2 potions of degeneration {unknown}
 g - 3 potions of flight {unknown}
 k - 3 potions of berserk rage {unknown}
 l - a potion of brilliance {unknown}
 m - 2 potions of might {unknown}
 o - a potion of invisibility {unknown}
 r - 2 potions of cancellation {unknown}
 v - 2 potions of curing {unknown}
 z - a potion of ambrosia {unknown}
 A - 2 potions of mutation {unknown}
 B - 3 potions of attraction {unknown}
Miscellaneous
 C - a box of beasts


   Skills:
 + Level 9.0 Fighting
 + Level 7.1 Shields
 * Level 14.0 Unarmed Combat
 - Level 1.0 Spellcasting
 - Level 2.1 Fire Magic


You had 12 spell levels left.
You didn't know any spells.
Your spell library contained the following spells:

 Spells                   Type           Power      Damage    Failure   Level
 Scorch                   Fire           8%         2d5       75%         2
 Corpse Rot               Necr/Air       N/A        N/A       95%         2
 Slow                     Hex            0%         N/A       95%         2
 Static Discharge         Conj/Air       0%         N/A       95%         2
 Sublimation of Blood     Necr           0%         N/A       95%         2
 Wereblood                Tmut           0%         N/A       95%         2
 Dazzling Flash           Conj/Hex       0%         N/A       99%         3
 Stone Arrow              Conj/Erth      0%         3d7       99%         3
 Animate Armour           Summ/Erth      0%         N/A       100%        4
 Dispel Undead            Necr           0%         3d6       100%        4
 Flame Wave               Conj/Fire      2%         3d3       100%        4
 Iskenderun's Mystic Bla  Conj/Tloc      0%         2d3       100%        4
 Petrify                  Tmut/Erth      0%         N/A       100%        4
 Sticky Flame             Conj/Fire      2%         2d3       100%        4
 Summon Ice Beast         Ice/Summ       0%         N/A       100%        4
 Irradiate                Conj/Tmut      0%         3d14      100%        5
 Iskenderun's Battlesphe  Conj           0%         2d6       100%        5
 Lightning Bolt           Conj/Air       0%         1d11      100%        5
 Metabolic Englaciation   Hex/Ice        0%         N/A       100%        5
 Conjure Ball Lightning   Conj/Air       0%         3x3d6     100%        6
 Death Channel            Necr           0%         N/A       100%        6
 Iron Shot                Conj/Erth      0%         9d1       100%        6
 Starburst                Conj/Fire      1%         6d3       100%        6
 Spellforged Servitor     Conj/Summ      0%         N/A       100%        7
 Summon Hydra             Summ           0%         N/A       100%        7
 Discord                  Hex            0%         N/A       100%        8
 Lehudib's Crystal Spear  Conj/Erth      0%         10d2      100%        8


Dungeon Overview and Level Annotations

Branches:
Dungeon (11/15)            Temple (0/1) D:6            Lair (0/6) D:10
  IceCv (1/1)
    Orc: D:9-12

Altars:
Gozag
Makhleb
Okawaru
Zin
The Shining One

Shops:
D:4 (   D:6 ***(   D:9 *

Annotations:
D:5 1 runed translucent door, Demosthentine's ghost, novice MfGl


Innate Abilities, Weirdness & Mutations

You are too large for most types of armour.
You have claws for hands.
Your natural rate of healing is unusually fast.
You are covered in fur. (AC +1)
You have tough skin. (AC +1)


Message History

You mangle the freezing wraith!!
You destroy the freezing wraith!
You block the cane toad simulacrum's attack.
The death yak simulacrum gores you!
* * * LOW HITPOINT WARNING * * *
The death yak simulacrum freezes you! You resist.
* * * LOW HITPOINT WARNING * * *
You block the cane toad simulacrum's attack.
The polar bear simulacrum bites you.
* * * LOW HITPOINT WARNING * * *
The polar bear simulacrum freezes you. You resist.
* * * LOW HITPOINT WARNING * * *
The polar bear simulacrum claws you but does no damage.
You block the polar bear simulacrum's attack.
Your Fighting skill increases to level 9!
You feel much better.
The death yak simulacrum barely misses you.
You block the cane toad simulacrum's attack.
You block the death yak simulacrum's attack.
The polar bear simulacrum bites you!
* * * LOW HITPOINT WARNING * * *
The polar bear simulacrum freezes you. You resist.
* * * LOW HITPOINT WARNING * * *
The polar bear simulacrum completely misses you.
The polar bear simulacrum claws you but does no damage.
You claw the polar bear simulacrum!
The polar bear simulacrum is severely damaged.
The cane toad simulacrum barely misses you.
You block the death yak simulacrum's attack.
The death yak simulacrum gores you!!
* * * LOW HITPOINT WARNING * * *
The death yak simulacrum freezes you! You resist.
* * * LOW HITPOINT WARNING * * *
The polar bear simulacrum bites you!
* * * LOW HITPOINT WARNING * * *
The polar bear simulacrum freezes you. You resist.
* * * LOW HITPOINT WARNING * * *
The polar bear simulacrum claws you but does no damage. x2
The cane toad simulacrum hits you.
You die...

####...##
##........
##.........
##..........
#.......8..!
#.........(.
#.∩.∩....)(©
#ZZ.......[.
#@Z.....8..$
##Z.........
##.........
##........
####...##
####


You could see 2 death yak simulacra, a cane toad simulacrum and a polar bear
simulacrum.

Vanquished Creatures
  Gastronok (D:8)
  A hydra (D:9)
  A deep elf pyromancer (D:9)
  An ugly thing (D:9)
  A cyclops (D:7)
  A manticore (D:9)
  A gargoyle (D:9)
  An unseen horror (D:10)
  An anaconda simulacrum (IceCv)
  A freezing wraith (IceCv)
  A queen bee (D:10)
  2 trolls
  Grinder (D:3)
  Eustachio (D:4)
  17 yaks
  2 wyverns (D:9)
  3 vampire mosquitoes (D:11)
  2 steam dragons
  Duvessa (D:7)
  5 orc warriors
  A black bear (D:7)
  2 ice beasts
  A sky beast (D:6)
  A necrophage (D:5)
  2 ogres
  A centaur (D:11)
  4 kobold brigands
  2 bullfrogs
  2 gnoll sergeants
  A wyvern zombie (D:8)
  3 scorpions
  Dowan (D:7)
  2 two-headed ogre simulacra (D:11)
  2 wyvern skeletons
  A cane toad simulacrum (IceCv)
  16 killer bees (D:10)
  4 wights (D:9)
  5 howler monkeys
  2 bullfrog zombies
  3 jellies
  7 centaur zombies
  4 hounds
  2 orc priests
  A centaur skeleton (D:5)
  A gnoll shaman (D:7)
  2 bullfrog skeletons (D:6)
  6 orc wizards
  An iguana (D:7)
  A spriggan simulacrum (D:11)
  A hound skeleton (D:5)
  2 howler monkey zombies
  Robin (D:4)
  4 adders
  20 gnolls
  A shadow imp (D:8)
  An ufetubus (D:6)
  A worm (D:2)
  2 dart slugs
  27 orcs
  7 bats
  10 endoplasms
  6 giant cockroaches
  21 goblins
  10 hobgoblins
  6 quokkas
  3 training dummies (D:4)
  3 ball pythons
  29 kobolds
  5 rats
286 creatures vanquished.

Vanquished Creatures (others)
  6 fungi (D:2)
  10 plants (D:10)
  6 toadstools (D:2)
22 creatures vanquished.

Grand Total: 308 creatures vanquished

Notes
Turn   | Place    | Note
-------+----------+-------------------------------------------
     0 | D:1      | lunkers the Troll Cinder Acolyte began the quest for the
                  | Orb.
     0 | D:1      | Reached XP level 1. HP: 22/22 MP: 1/1
    42 | D:1      | You fall into a shaft and drop 1 floor!
    89 | D:2      | Reached XP level 2. HP: 25/29 MP: 2/2
   380 | D:2      | Reached XP level 3. HP: 36/36 MP: 3/3
   471 | D:1      | Reached skill level 4 in Unarmed Combat
   495 | D:1      | Found a faded altar of an unknown god.
   500 | D:1      | You fall into a shaft and drop 1 floor!
   745 | D:2      | Reached XP level 4. HP: 42/45 MP: 4/4
  1322 | D:1      | Reached skill level 5 in Unarmed Combat
  1541 | D:3      | Reached XP level 5. HP: 53/53 MP: 5/5
  1559 | D:3      | Noticed Grinder
  1566 | D:3      | Killed Grinder
  1567 | D:3      | Reached skill level 6 in Unarmed Combat
  1567 | D:3      | Reached XP level 6. HP: 50/62 MP: 6/6
  2224 | D:4      | Noticed Robin
  2246 | D:4      | Killed Robin
  2288 | D:4      | Found a burning altar of Makhleb.
  2491 | D:4      | Noticed Eustachio
  2505 | D:4      | Killed Eustachio
  2506 | D:4      | Reached XP level 7. HP: 49/70 MP: 7/7
  2831 | D:4      | Reached skill level 7 in Unarmed Combat
  3035 | D:4      | Found Ceorat's Firing Range.
  3332 | D:5      | Entered Level 5 of the Dungeon
  3649 | D:5      | Found a runed translucent door.
  3654 | D:5      | Noticed Demosthentine's ghost (novice MfGl)
  3748 | D:5      | Reached skill level 8 in Unarmed Combat
  3775 | D:5      | Reached skill level 5 in Fighting
  3775 | D:5      | Reached XP level 8. HP: 67/79 MP: 8/8
  3775 | D:5      | Identified a scroll of acquirement
  3775 | D:5      | Acquired a +2 tower shield of cold resistance
  4027 | D:6      | Reached skill level 1 in Shields
  4049 | D:6      | Found Moeng's Antique Weapon Shoppe.
  4156 | D:6      | Found a staircase to the Ecumenical Temple.
  4320 | D:6      | Found Vurikk's Assorted Antiques.
  4325 | D:6      | Bought a scroll labelled IRIOSM ZYWNUO for 27 gold pieces
  4469 | D:6      | Reached skill level 9 in Unarmed Combat
  4486 | D:6      | Found Xilugeij's General Store.
  4586 | D:6      | Found Ceusch's General Store.
  5026 | D:7      | Noticed Duvessa
  5027 | D:7      | Noticed Dowan
  5033 | D:7      | Reached XP level 9. HP: 76/89 MP: 9/9
  5037 | D:7      | Killed Duvessa
  5045 | D:7      | Killed Dowan
  5225 | D:7      | Noticed a troll
  5233 | D:7      | HP: 1/89 [troll (11)]
  5308 | D:7      | Killed a troll
  5309 | D:7      | Reached skill level 10 in Unarmed Combat
  5345 | D:7      | Noticed a cyclops
  5349 | D:7      | Killed a cyclops
  5949 | D:7      | Found a glowing silver altar of Zin.
  5949 | D:7      | Found an opulent altar of Gozag.
  6222 | D:7      | Reached skill level 11 in Unarmed Combat
  6281 | D:7      | Reached XP level 10. HP: 80/100 MP: 10/10
  6415 | D:8      | Noticed Gastronok
  6519 | D:8      | Killed Gastronok
  6520 | D:8      | Reached skill level 5 in Shields
  6520 | D:8      | Reached skill level 12 in Unarmed Combat
  7016 | D:9      | Found a glowing golden altar of the Shining One.
  7141 | D:9      | Noticed a red ugly thing
  7141 | D:9      | Noticed a manticore
  7141 | D:9      | Noticed a deep elf pyromancer
  7141 | D:9      | Noticed a six-headed hydra
  7154 | D:9      | Killed a six-headed hydra
  7159 | D:9      | Killed a red ugly thing
  7159 | D:9      | Killed a deep elf pyromancer
  7160 | D:9      | Reached XP level 11. HP: 39/111 MP: 11/11
  7258 | D:9      | Got the Tome of Burning Beguiling
  7264 | D:9      | Got Ducry's Compendium of Conjuration and the Glacier
  7271 | D:9      | Identified the +3 helmet of Fortification {Dex+2}
  7505 | D:9      | Found Unycurgho's General Store.
  7530 | D:9      | Reached skill level 13 in Unarmed Combat
  7969 | D:10     | Entered Level 10 of the Dungeon
  8419 | D:10     | Found a staircase to the Lair.
  8861 | D:11     | Found an iron altar of Okawaru.
  9131 | D:11     | Reached skill level 14 in Unarmed Combat
  9216 | D:11     | Found a frozen archway.
  9271 | IceCv    | Entered an ice cave
  9285 | IceCv    | HP: 3/115 [polar bear simulacrum (7)]
  9285 | IceCv    | HP: 1/115 [polar bear simulacrum (2)]
  9285 | IceCv    | Slain by a cane toad simulacrum

Illustrated notes

Levels and vault maps discovered:
D:1:      dpeg_arrival_tiny_j, layout_rooms, ebering_ecumenical_altar_abandoned,
          minmay_misc_feat_iff, amcnicky_mini_pool_small
D:2:      cheibrodos_fertilizer, layout_basic, corner_web_ring,
          grunt_decor_resistance
D:3:      layout_loops_ring, uniq_grinder
D:4:      cheibrodos_greedy_goblins, layout_basic, amcnicky_altar_gilded,
          nicolae_shop_firing_range, uniq_robin, uniq_eustachio
D:5:      layout_basic, ebering_ghost_reflecting_pool
D:6:      layout_basic, temple_pool_b, serial_shops, shop_fountains,
          nicolae_shop_trees, nicolae_shop_trees, nicolae_shop_crystal
D:7:      layout_basic, grunt_temple_overflow_gold_and_silver,
          skrybe_limestone_x, uniq_duvessa
D:8:      layout_rooms, uniq_gastronok
D:9:      minmay_the_grid_square_5x5_3x3
          [minmay_the_grid_square_5x5_doubleslash, minmay_the_grid_square_5x5_c,
          minmay_the_grid_square_5x5_detours,
          minmay_the_grid_square_5x5_spiral_small,
          minmay_the_grid_square_5x5_megaprize_crossed,
          minmay_the_grid_square_5x5_percent,
          minmay_the_grid_square_5x5_shrine2,
          minmay_the_grid_square_5x5_fancy_junction,
          minmay_the_grid_square_5x5_seven], layout_small_grid,
          mainiacjoe_overflow_paths, serial_shops, shop
D:10:     layout_roguey, dpeg_oklobed_lair, nicolae_looking_at_the_future
D:11:     layout_stronghold, erik_orc_3, portal_ice_cave_entry_ice_simulacra,
          okawaru_metal_pillars_1_2, uniq_harold
IceCv:    ice_cave_statue_garden_transporter

Skill      XL: |  1  2  3  4  5  6  7  8  9 10 11 |
---------------+----------------------------------+-----
Unarmed Combat | 4 5 6 8 9 11 12 14 | 14.0
Fighting       | 3 4 5 6 8 9 |  9.0
Shields        | 2 4 6 7 |  7.1
Spellcasting   | |  1.0
Fire Magic     | |  2.1

Action                   |  1- 3 |  4- 6 |  7- 9 | 10-12 || total
-------------------------+-------+-------+-------+-------++-------
Melee: Unarmed           |    98 |   120 |   328 |   380 ||   926
       Punch             |       |     2 |     1 |       ||     3
Evoke: Wand              |       |       |       |    10 ||    10
  Use: Scroll            |       |     1 |    11 |     3 ||    15
       Potion            |       |       |       |     1 ||     1
Armor: Robe              |    49 |    43 |    76 |    19 ||   187
       Steam dragon scal |       |       |       |    50 ||    50
Dodge: Dodged            |    51 |    46 |    58 |   114 ||   269
Block: Tower shield      |       |       |   146 |   277 ||   423

Table legend: (Time is in decaauts)
 A = Elapsed time spent in this place.
 B = Non-inter-level travel time spent in this place.
 C = Inter-level travel time spent in this place.
 D = Time resting spent in this place.
 E = Time spent auto-exploring this place.
 F = Levels seen in this place.
 G = Mean time per level.
                   A        B        C        D        E       F      G
               +--------+--------+--------+--------+--------+-----+--------+
         Total |   9351 |   8962 |    389 |    211 |   6628 |  12 |  779.2 |
       Dungeon |   9336 |   8947 |    389 |    211 |   6628 |  11 |  848.7 |
      Ice Cave |     15 |     15 |      0 |      0 |      0 |   1 |   15.0 |
               +--------+--------+--------+--------+--------+-----+--------+

Top non-repeatable levels by time:
     D:7: 1206 daAuts
     D:4: 1198 daAuts
     D:2: 1070 daAuts
     D:6: 1050 daAuts
     D:9: 995 daAuts
    D:10: 886 daAuts
     D:8: 801 daAuts
     D:5: 669 daAuts
     D:3: 583 daAuts
     D:1: 453 daAuts
    D:11: 420 daAuts
   IceCv: 15 daAuts
